 Dungeon Crawl Stone Soup version 0.27-a0-1579-g97d2440184 (webtiles) character file.

Game seed: 14731798184365075339

148 freelancePsychic the Digger (level 5, -1/37 HPs)
             Began as a Palentonga Earth Elementalist on July 17, 2021.
             Slain by an orc (2 damage)
             ... on level 3 of the Dungeon.
             The game lasted 00:05:06 (2598 turns).

freelancePsychic the Digger (PaEE)                  Turns: 2598, Time: 00:05:07

Health: -1/37      AC:  5    Str: 11    XL:     5   Next: 8%
Magic:  0/9        EV:  9    Int: 17    God:
Gold:   226        SH:  0    Dex: 10    Spells: 5/9 levels left

rFire    . . .     SeeInvis +   f - +1 quarterstaff
rCold    . . .     Faith    .   (shield currently unavailable)
rNeg     . . .     Spirit   .   b - +0 robe
rPois    .         Reflect  .   (no helmet)
rElec    .         Harm     .   (no cloak)
rCorr    .         Rampage  .   j - +0 pair of gloves
Will     +....                  (no barding)
Stlth    +.........             (no amulet)
HPRegen  0.12/turn              e - ring of willpower
MPRegen  0.11/turn              (no ring)

@: brilliant
A: large, rugged brown scales 3, see invisible, deformed body, roll 1, armoured
tail
a: Rolling Charge


You were on level 3 of the Dungeon.
You visited 1 branch of the dungeon, and saw 3 of its levels.

You collected 226 gold pieces.

Inventory:

Hand Weapons
 f - a +1 quarterstaff (weapon)
Missiles
 c - 54 stones
Armour
 b - a +0 robe (worn)
 j - a +0 pair of gloves (worn)
Jewellery
 e - a ring of willpower (left hand)
Scrolls
 g - 2 scrolls of teleportation {@r4}
 k - 2 scrolls of fog
Potions
 a - a potion of flight {unknown}
 d - 2 potions of brilliance
 h - a potion of might {unknown}
 i - a potion of lignification {unknown}
 l - a potion of attraction {unknown}
 m - a potion of curing {unknown}


   Skills:
 - Level 1.5 Dodging
 - Level 1.2 Stealth
 - Level 2.9 Spellcasting
 + Level 2.5 Conjurations
 - Level 1.0 Transmutations
 + Level 3.8 Earth Magic


You had 5 spell levels left.
You knew the following spells:

 Your Spells              Type           Power      Damage    Failure   Level
a - Sandblast             Erth           46%        2d11      3%          1
b - Stone Arrow           Conj/Erth      40%        3d9       14%         3

Your spell library contained the following spells:

 Spells                   Type           Power      Damage    Failure   Level
 Magic Dart               Conj           64%        1d6       6%          1
 Passwall                 Tmut/Erth      13%        N/A       10%         2
 Corona                   Hex            3%         N/A       19%         1
 Call Imp                 Summ           3%         N/A       26%         2
 Ensorcelled Hibernation  Hex/Ice        6%         N/A       26%         2
 Mephitic Cloud           Conj/Pois/Air  8%         N/A       36%         3
 Tukima's Dance           Hex            3%         N/A       47%         3
 Petrify                  Tmut/Erth      16%        N/A       54%         4


Dungeon Overview and Level Annotations

Branches:
Dungeon (3/15)

Altars:


Innate Abilities, Weirdness & Mutations

You are completely covered in rugged brown scales. (AC +3, +7% HP)
You have supernaturally acute eyesight. (SInv)
Armour fits poorly on your strangely shaped body.
You can roll at nearby foes to attack.
You have a long armoured tail.


Message History

The orc priest is lightly wounded.
The orc priest hits you with a +0 war axe.
The orc closely misses you.
Casting: Sandblast (safe; 3% risk of failure)
Confirm with . or Enter, or press ? or * to list all spells.
Aiming: Sandblast (safe; 3% risk of failure)
Press: ? - help, Shift-Dir - straight line, f/p - orc priest
Aim: an orc priest, wielding a +0 war axe and wearing a +0 leather armour (lightly wounded, 79% to hit)
The blast of sand hits the orc priest!
The orc priest is severely wounded.
The orc priest calls down the wrath of Beogh upon you.
Beogh smites you!
* * * LOW HITPOINT WARNING * * *
The orc hits you but does no damage.
Casting: Sandblast (safe; 3% risk of failure)
Confirm with . or Enter, or press ? or * to list all spells.
Aiming: Sandblast (safe; 3% risk of failure)
Press: ? - help, Shift-Dir - straight line, f/p - orc priest
Aim: an orc priest, wielding a +0 war axe and wearing a +0 leather armour (severely wounded, 79% to hit)
The blast of sand hits the orc priest but does no damage.
The orc priest is severely wounded.
The orc priest barely misses you. The orc barely misses you.
You hit the orc priest but do no damage.
The orc priest is severely wounded.
The orc priest hits you with a +0 war axe.
* * * LOW HITPOINT WARNING * * *
The orc hits you with a +0 hand axe.
* * * LOW HITPOINT WARNING * * *
The orc priest hits you with a +0 war axe.
* * * LOW HITPOINT WARNING * * *
The orc completely misses you.
You barely miss the orc priest.
The orc priest is severely wounded.
The orc priest mumbles some strange prayers to Beogh against you.
You resist with some effort. The orc closely misses you.
It was a potion of brilliance.
You feel clever all of a sudden.
The orc priest calls down the wrath of Beogh upon you.
You resist with some effort. The orc hits you with a +0 hand axe.
You die...

#.. ... ... #.#
#### #.# ..# #.#
###.# #.#
#.#.###.#######
#...o@o........
#.#.###.#######
# #.#.###.##
####.
.............#
#.#.#
.......#.###..#
#.#.#......###.#
#).#
#.#.#....... #.#
#oo#
........##.# #.#
#o.#
.†......##.# #.#
#..#


You could see an orc priest and an orc.

Vanquished Creatures
  2 orc wizards (D:3)
  3 adders
  A worm (D:3)
  A dart slug (D:2)
  5 orcs
  4 ball pythons
  5 bats
  6 endoplasms
  A giant cockroach (D:3)
  3 goblins (D:1)
  7 hobgoblins
  7 kobolds (D:1)
  3 quokkas (D:2)
  6 frilled lizards
  7 rats
61 creatures vanquished.

Notes
Turn   | Place    | Note
-------+----------+-------------------------------------------
     0 | D:1      | freelancePsychic the Palentonga Earth Elementalist began
                  | the quest for the Orb.
     0 | D:1      | Reached XP level 1. HP: 13/13 MP: 3/3
   195 | D:1      | Reached XP level 2. HP: 5/20 MP: 1/5
   764 | D:1      | Reached skill level 3 in Earth Magic
   858 | D:1      | Reached skill level 1 in Conjurations
  1194 | D:2      | Reached XP level 3. HP: 18/25 MP: 3/6
  1689 | D:2      | Reached XP level 4. HP: 10/32 MP: 5/8
  1905 | D:2      | Learned a level 3 spell: Stone Arrow
  2162 | D:3      | Found a faded altar of an unknown god.
  2593 | D:3      | Reached XP level 5. HP: 25/37 MP: 3/9
  2596 | D:3      | HP: 1/37 [orc priest (3)]
  2598 | D:3      | Slain by an orc

Illustrated notes

Levels and vault maps discovered:
D:1:      wander_arrival_lonely_grave, layout_basic
D:2:      layout_rooms, st_stairs_8
D:3:      layout_basic, basic_ecumenical_altar, uniq_crazy_yiuf_cottage

Skill      XL: |  1  2  3  4 |
---------------+-------------+-----
Earth Magic    | 3 |  3.8
Conjurations   | 1 2 |  2.5
Dodging        | |  1.5
Stealth        | |  1.2
Spellcasting   | |  2.9
Transmutations | |  1.0

Action                   |  1- 3 |  4- 6 || total
-------------------------+-------+-------++-------
Melee: Unarmed           |     8 |       ||     8
       Quarterstaff      |    72 |    16 ||    88
       Tailslap          |     5 |     1 ||     6
 Cast: Sandblast         |    21 |    17 ||    38
 Abil: Rolling Charge    |    22 |     7 ||    29
  Use: Scroll            |     1 |     3 ||     4
       Potion            |       |     1 ||     1
Armor: Robe              |    40 |    10 ||    50
Dodge: Dodged            |    40 |     7 ||    47

Table legend: (Time is in decaauts)
 A = Elapsed time spent in this place.
 B = Non-inter-level travel time spent in this place.
 C = Inter-level travel time spent in this place.
 D = Time resting spent in this place.
 E = Time spent auto-exploring this place.
 F = Levels seen in this place.
 G = Mean time per level.
                   A        B        C        D        E       F      G
               +--------+--------+--------+--------+--------+-----+--------+
         Total |   2623 |   2543 |     80 |    200 |   1950 |   3 |  874.3 |
       Dungeon |   2623 |   2543 |     80 |    200 |   1950 |   3 |  874.3 |
               +--------+--------+--------+--------+--------+-----+--------+

Top non-repeatable levels by time:
     D:1: 1200 daAuts
     D:2: 978 daAuts
     D:3: 444 daAuts
